 Dungeon Crawl Stone Soup version 0.28.0-53-g5a82cb258f (webtiles) character file.

Game seed: 8994078958589776688

1397 Kranky the Fighter (level 8, -5/61 HPs)
             Began as an Octopode Fighter on June 20, 2022.
             Was an Initiate of Okawaru.
             Slain by a troll (9 damage)
             ... on level 6 of the Dungeon.
             The game lasted 00:11:28 (7534 turns).

Kranky the Fighter (Octopode Fighter)               Turns: 7534, Time: 00:11:28

Health: -5/61      AC:  1    Str: 22    XL:     8   Next: 69%
Magic:  8/8        EV: 30    Int: 10    God:    Okawaru [......]
Gold:   303        SH:  5    Dex: 13    Spells: 7/7 levels left

rFire   . . .      SeeInvis +   j - +0 morningstar
rCold   + . .      Faith    .   b - +0 buckler
rNeg    . . .      Spirit   .   (helmet restricted)
rPois   .          Reflect  .   r - amulet of the acrobat
rElec   .          Harm     .   d - ring of protection from cold
rCorr   .          Rampage  .   k - ring of see invisible
Will    .....                   C - +6 ring of strength
Stlth   +++.......              (no ring)
HPRegen 0.20/turn               (no ring)
MPRegen 0.11/turn               (no ring)
                                (no ring)
                                (no ring)

@: acrobatic
A: almost no armour, amphibious, 8 rings, camouflage 1, gelatinous body 1,
(nimble swimmer 1), tentacles
a: Renounce Religion


You were on level 6 of the Dungeon.
You worshipped Okawaru.
Okawaru was noncommittal.
You visited 2 branches of the dungeon, and saw 8 of its levels.

You collected 303 gold pieces.

Inventory:

Hand Weapons
 j - a +0 morningstar (weapon)
 u - a +0 executioner's axe
 B - a +0 halberd of venom
Missiles
 o - 30 poisoned darts (quivered)
Armour
 b - a +0 buckler (worn)
Jewellery
 d - a ring of protection from cold (left tentacle)
 k - a ring of see invisible (right tentacle)
 r - an amulet of the acrobat (around mantle)
 C - a +6 ring of strength (on tentacle)
Wands
 v - a wand of iceblast (6)
Scrolls
 e - 2 scrolls of fog {unknown}
 h - a scroll of teleportation {unknown}
 n - 2 scrolls of vulnerability {unknown}
 p - 3 scrolls of holy word {unknown}
 q - 2 scrolls of amnesia {unknown}
 t - 2 scrolls of identify {unknown}
 y - 3 scrolls of silence {unknown}
 z - a scroll of immolation {unknown}
 A - a scroll of noise {unknown}
Potions
 a - 2 potions of lignification {unknown}
 c - 2 potions of might
 f - 4 potions of curing {unknown}
 g - a potion of magic {unknown}
 i - 2 potions of brilliance {unknown}
 l - a potion of resistance {unknown}
 m - 2 potions of attraction {unknown}
 s - 2 potions of mutation {unknown}
 w - a potion of berserk rage {unknown}
 x - 2 potions of heal wounds {unknown}


   Skills:
 - Level 8.0 Fighting
 - Level 2.0 Maces & Flails
 - Level 0.5 Throwing
 + Level 5.9 Dodging
 - Level 3.0 Stealth
 + Level 5.4 Shields


You had 7 spell levels left.
You didn't know any spells.
Your spell library contained the following spells:

 Spells                   Type           Power      Damage    Failure   Level
 Portal Projectile        Hex/Tloc       0%         N/A       82%         3
 Leda's Liquefaction      Hex/Erth       0%         N/A       99%         4
 Call Canine Familiar     Summ           Unusable   N/A       N/A         3

Dungeon Overview and Level Annotations

Branches:
Dungeon (7/15)             Temple (1/1) D:6

Altars:
Ashenzari
Cheibriados
Dithmenos
Elyvilon
Gozag
Hepliaklqana
Makhleb
Nemelex Xobeh
Okawaru
Qazlal
Sif Muna
Trog
Uskayaw
Vehumet
Wu Jian
Xom
Zin

Shops:
D:3 =


Innate Abilities, Weirdness & Mutations

You cannot wear most types of armour.
You are amphibious.
You can wear up to eight rings at the same time.
Your skin changes colour to match your surroundings (Stealth+).
Your rubbery body absorbs attacks. (AC +1, EV +1)
((You are camouflaged when in or above water. (Stealth+)))
You have tentacles for arms and can constrict up to eight enemies at once.


Message History

C - a +6 ring of strength (on tentacle)
Found a stone staircase leading up.
You now have 290 gold pieces (gained 14).
You now have 303 gold pieces (gained 13).
You see here 18 sling bullets.
Partly explored, can't reach some places.
Partly explored, can't reach some places.
Partly explored, can't reach some places.
There is a stone staircase leading down here.
You climb downwards.
There is a stone staircase leading up here.
You open the door.
A troll comes into view.
There is an open door here.
There is a fountain of clear blue water here.
The troll shouts!
The troll bites you. The troll closely misses you.
The troll completely misses you.
You closely miss the troll. The troll barely misses you.
The troll closely misses you. x2
You closely miss the troll. The troll bites you!! You block the troll's attack.
The troll misses you.
You closely miss the troll. You squeeze the troll!
The troll is moderately wounded.
The troll misses you. You block the troll's attack. The troll claws you!
The troll misses you. The troll claws you but does no damage.
The troll claws you!
* * * LOW HITPOINT WARNING * * *
There is a fountain of clear blue water here.
There is an open door here.
There is a stone staircase leading up here.
The troll bites you!
* * * LOW HITPOINT WARNING * * *
You block the troll's attack. The troll completely misses you.
You climb upwards.
There is a stone staircase leading down here.
The troll completely misses you. The troll claws you!
* * * LOW HITPOINT WARNING * * *
The troll claws you!
You die...

#:....# ## #(....#
.# #.....#
.######.....##
.............#
.######......#
...####......#
##.#.....###.######
................@>#
##)#.....###..###T#
#[#.....# #....#.#
#)#.....# #....#.#
#.#.....# #....#.#
##.#.....###....#.#
..)####....###.##.#
..## #....# #..#.#
#.# #....# ##.#.#


You could see a troll.

Vanquished Creatures
  Edmund (D:4)
  An ogre (D:4)
  A phantom (D:4)
  A kobold brigand (D:6)
  A bullfrog (D:6)
  A gnoll sergeant (D:6)
  A water moccasin zombie (D:6)
  3 scorpions
  A wyvern zombie (D:4)
  A water moccasin skeleton (D:5)
  2 hounds
  3 bullfrog skeletons (D:5)
  An orc priest (D:5)
  2 iguanas
  Terence (D:2)
  3 orc wizards (D:5)
  Robin (D:4)
  2 howler monkey skeletons
  4 gnolls (D:6)
  7 adders
  A shadow imp (D:6)
  An ufetubus (D:6)
  A worm (D:2)
  3 dart slugs
  6 orcs
  9 ball pythons
  7 endoplasms
  3 giant cockroaches
  16 goblins
  11 hobgoblins
  7 jackals (D:1)
  13 kobolds
  5 quokkas
  5 bats (D:1)
  5 frilled lizards
  6 rats
137 creatures vanquished.

Vanquished Creatures (others)
  A fungus (D:1)
  A plant (D:1)
2 creatures vanquished.

Grand Total: 139 creatures vanquished

Notes
Turn   | Place    | Note
-------+----------+-------------------------------------------
     0 | D:1      | Kranky the Octopode Fighter began the quest for the Orb.
     0 | D:1      | Reached XP level 1. HP: 16/16 MP: 1/1
    54 | D:1      | Reached skill level 1 in Stealth
   197 | D:1      | Reached XP level 2. HP: 21/21 MP: 2/2
   503 | D:1      | Reached XP level 3. HP: 23/26 MP: 3/3
   779 | D:1      | Found a faded altar of an unknown god.
  1110 | D:2      | Noticed Terence
  1117 | D:2      | Killed Terence
  1118 | D:2      | Reached skill level 4 in Fighting
  1118 | D:2      | Reached XP level 4. HP: 18/33 MP: 4/4
  1375 | D:2      | You fall into a shaft and drop 1 floor!
  2041 | D:2      | Reached XP level 5. HP: 38/38 MP: 5/5
  2441 | D:3      | Found Igeak's Jewellery Shoppe.
  3199 | D:4      | Noticed an ogre
  3216 | D:4      | Killed an ogre
  3217 | D:4      | Reached skill level 5 in Fighting
  3217 | D:4      | Reached XP level 6. HP: 5/45 MP: 6/6
  3573 | D:4      | Noticed Edmund
  3578 | D:4      | Killed Edmund
  3714 | D:4      | Noticed Robin
  4057 | D:4      | Reached skill level 6 in Fighting
  4057 | D:4      | Reached XP level 7. HP: 33/49 MP: 7/7
  4235 | D:4      | Killed Robin
  4960 | D:5      | Entered Level 5 of the Dungeon
  5044 | D:5      | Reached skill level 7 in Fighting
  5433 | D:5      | Reached XP level 8. HP: 56/60 MP: 8/8
  5486 | D:5      | Found a shadowy altar of Dithmenos.
  5740 | D:5      | Reached skill level 5 in Dodging
  6711 | D:6      | Found a shimmering altar of Xom.
  6711 | D:6      | Found a faded altar of an unknown god.
  6717 | D:6      | Found a glowing silver altar of Zin.
  6719 | D:6      | Reached skill level 8 in Fighting
  6719 | D:6      | Reached skill level 5 in Shields
  6721 | D:6      | Found a snail-covered altar of Cheibriados.
  6723 | D:6      | Found a faded altar of an unknown god.
  7054 | D:6      | Found a staircase to the Ecumenical Temple.
  7074 | Temple   | Entered the Ecumenical Temple
  7291 | Temple   | Became a worshipper of Warmaster Okawaru
  7514 | D:7      | Noticed a troll
  7534 | D:6      | Slain by a troll

Illustrated notes

Levels and vault maps discovered:
D:1:      elethiomel_arrival_diamonds, layout_loops_ring,
          shapermc_ecumenical_altar_mp_ritualfount
D:2:      layout_basic, uniq_terence
D:3:      layout_loops_corners, serial_shops, shop, nrook_mini_vaults
D:4:      layout_basic, uniq_edmund, uniq_robin
D:5:      layout_loops_ring, nicolae_dithmenos_through_a_glass_darkly
D:6:      layout_basic, chequers_temple_overflow_minitemple,
          minmay_temple_entry_tees, uniq_crazy_yiuf_cottage
D:7:      layout_basic, fedhas_altar_2, gammafunk_ghost_abyssal_escape,
          grunt_decor_arrowhead
Temple:   nicolae_temple_figure_eight

Skill      XL: |  1  2  3  4  5  6  7  8 |
---------------+-------------------------+-----
Stealth        | 1 2 3 |  3.0
Fighting       | 4 5 6 7 8 |  8.0
Dodging        | 4 5 |  5.9
Shields        | 4 5 |  5.4
Maces & Flails | |  2.0
Throwing       | |  0.5

Action                   |  1- 3 |  4- 6 |  7- 9 || total
-------------------------+-------+-------+-------++-------
Melee: Flail             |    67 |     6 |       ||    73
       Constrict         |    17 |    19 |    34 ||    70
       Tentacles         |     8 |    15 |    35 ||    58
       Punch             |     2 |       |     1 ||     3
       Morningstar       |       |    89 |   118 ||   207
Throw: Dart              |       |     3 |       ||     3
 Stab: Sleeping          |     9 |    15 |    11 ||    35
Armor: Skin              |     4 |     4 |     6 ||    14
Dodge: Dodged            |    48 |    50 |    95 ||   193
Block: Buckler           |     8 |    21 |    32 ||    61
